 Dungeon Crawl Stone Soup version 0.29-a0-375-g5102b3be25 (webtiles) character file.

Game seed: 2060897097923530158

63 bastard the Conjurer (level 4, -1/24 HPs)
             Began as a Tengu Conjurer on May 4, 2022.
             Slain by a black bear (6 damage)
             ... on level 3 of the Dungeon.
             The game lasted 00:03:10 (2166 turns).

bastard the Conjurer (Tengu Conjurer)               Turns: 2166, Time: 00:03:11

Health: -1/24      AC:  5    Str:  7    XL:     4   Next: 10%
Magic:  0/8        EV: 12    Int: 20    God:
Gold:   56         SH:  0    Dex: 13    Spells: 0/7 levels left

rFire   . . .      SeeInvis .   f - +2 dagger (venom)
rCold   . . .      Faith    .   (no shield)
rNeg    . . .      Spirit   .   a - +0 robe
rPois   .          Reflect  .   (helmet restricted)
rElec   .          Harm     .   i - +1 cloak {rCorr}
rCorr   +          Rampage  .   h - +0 pair of gloves
Will    .....                   (boots unavailable)
Stlth   ++........              (no amulet)
HPRegen 0.08/turn               (no ring)
MPRegen 0.11/turn               (no ring)

@: hasted, very quick
A: beak, talons 3
a: no special abilities


You were on level 3 of the Dungeon.
You visited 1 branch of the dungeon, and saw 3 of its levels.

You collected 56 gold pieces.

Inventory:

Hand Weapons
 f - a +2 dagger of venom (weapon)
Armour
 a - a +0 robe (worn)
 h - a +0 pair of gloves (worn)
 i - a +1 cloak of preservation (worn)
Potions
 b - a potion of magic
 d - 2 potions of brilliance
 j - a potion of cancellation {unknown}
 k - a potion of heal wounds {unknown}


   Skills:
 - Level 2.1 Dodging
 - Level 2.0 Stealth
 - Level 2.0 Spellcasting
 + Level 7.3 Conjurations


You couldn't memorise any spells.
You knew the following spells:

 Your Spells              Type           Power      Damage    Failure   Level
a - Magic Dart            Conj           100%       1d8       1%          1
b - Searing Ray           Conj           62%        2d6       1%          2
c - Apportation           Tloc           4%         N/A       16%         1
d - Dazzling Flash        Conj/Hex       32%        N/A       11%         3

Your spell library contained the following spells:

 Spells                   Type           Power      Damage    Failure   Level
 Fulminant Prism          Conj/Hex       8%         3d7       34%         4
 Iskenderun's Mystic Bla  Conj/Tloc      16%        2d5       34%         4


Dungeon Overview and Level Annotations

Branches:
Dungeon (3/15)

Altars:

Shops:
D:2 ?

Annotations:
D:3 2 transporters, sokol815's ghost, amateur OpVM


Innate Abilities, Weirdness & Mutations

You have a beak for a mouth.
You have claws for feet.


Message History

The black bear is moderately wounded.
The black bear bites you!
The black bear claws you but does no damage.
The black bear claws you.
The searing ray hits the black bear!
The black bear is severely wounded.
The black bear misses you. The black bear barely misses you. x2
The searing ray hits the black bear!
The black bear is almost dead.
You finish channelling your searing ray.
The black bear bites you.
The black bear claws you but does no damage.
The black bear misses you.
Casting: Searing Ray (safe; 1% risk of failure)
Confirm with . or Enter, or press ? or * to list all spells.
Okay, then.
You aren't carrying any scrolls.
Unknown command.
The black bear goes berserk!
You hear an angry growl.
You aren't carrying any scrolls.
You aren't carrying any scrolls.
You aren't carrying any scrolls.
It was a potion of haste.
You feel yourself speed up. The black bear bites you.
The black bear barely misses you. The black bear closely misses you.
There is a stone staircase leading down here.
The black bear attacks as you move away!
The black bear bites you.
* * * LOW HITPOINT WARNING * * *
The black bear barely misses you. x2
Casting: Searing Ray (safe; 1% risk of failure)
Confirm with . or Enter, or press ? or * to list all spells.
Aiming: Searing Ray (safe; 1% risk of failure)
Press: ? - help, Shift-Dir - straight line, f/p - black bear
Aim: a black bear (almost dead, berserk, 85% to hit)
The searing ray hits the black bear.
The black bear is almost dead. (Press . to maintain the ray.)
The black bear barely misses you. The black bear claws you.
You die...

### ### # #.#... .#
##### #.#.#########<
......##..#.#.......
#.<.###.......#
####.#..#.#.# #.# ##
.........##.####.#..
####.#...@h..>...#.#
#.###.##.###..#.#
###.###.##.###....#
............##....#
###.#####...##....####
#..†##.........
#....)...>.....
...................
##.................


You could see a black bear (berserk).

Vanquished Creatures
  An adder (D:2)
  3 dart slugs
  8 ball pythons
  4 bats (D:1)
  6 endoplasms
  3 giant cockroaches (D:1)
  2 goblins
  4 hobgoblins
  5 kobolds
  2 quokkas (D:1)
  3 frilled lizards
  2 rats (D:1)
43 creatures vanquished.

Vanquished Creatures (others)
  A fungus (D:1)
  A plant (D:1)
2 creatures vanquished.

Grand Total: 45 creatures vanquished

Notes
Turn   | Place    | Note
-------+----------+-------------------------------------------
     0 | D:1      | bastard the Tengu Conjurer began the quest for the Orb.
     0 | D:1      | Reached XP level 1. HP: 10/10 MP: 4/4
    12 | D:1      | You fall into a shaft and drop 1 floor!
    33 | D:2      | Found Xewn's Magic Scroll Shop.
   201 | D:1      | Reached XP level 2. HP: 15/15 MP: 4/6
   205 | D:1      | Learned a level 2 spell: Searing Ray
   246 | D:1      | Reached skill level 6 in Conjurations
   323 | D:1      | Found a faded altar of an unknown god.
   334 | D:1      | Got Plato's Guide on Displacement
   337 | D:1      | Learned a level 1 spell: Apportation
   814 | D:1      | Reached XP level 3. HP: 19/19 MP: 2/7
  1597 | D:2      | Reached skill level 7 in Conjurations
  1944 | D:2      | Reached XP level 4. HP: 24/24 MP: 5/8
  2058 | D:2      | Learned a level 3 spell: Dazzling Flash
  2096 | D:3      | Found a transporter.
  2119 | D:3      | Noticed sokol815's ghost (amateur OpVM)
  2140 | D:3      | Found a transporter.
  2150 | D:3      | Noticed a black bear
  2166 | D:3      | Slain by a black bear

Illustrated notes

Levels and vault maps discovered:
D:1:      minmay_arrival_semitransparent, layout_loops_corners,
          shapermc_ecumenical_altar_rom_forum
D:2:      layout_rooms, serial_shops, nicolae_shop_behind_doors,
          grunt_ministairs_14
D:3:      layout_loops_ring, regret_index_temple_of_mockery,
          nicolae_tso_carved_into_rock, portal_sewer_entry_f,
          gammafunk_ghost_mausoleum

Skill      XL: |  1  2  3 |
---------------+----------+-----
Conjurations   | 6 7 |  7.3
Dodging        | |  2.1
Stealth        | |  2.0
Spellcasting   | |  2.0

Action                   |  1- 3 |  4- 6 || total
-------------------------+-------+-------++-------
Melee: Dagger            |    13 |       ||    13
       Peck              |     6 |       ||     6
       Kick              |     4 |       ||     4
 Cast: Magic Dart        |    64 |     8 ||    72
       Searing Ray       |     1 |     2 ||     3
  Use: Scroll            |       |     4 ||     4
       Potion            |       |     1 ||     1
Armor: Robe              |     4 |     2 ||     6
Dodge: Dodged            |    11 |     9 ||    20

Table legend: (Time is in decaauts)
 A = Elapsed time spent in this place.
 B = Non-inter-level travel time spent in this place.
 C = Inter-level travel time spent in this place.
 D = Time resting spent in this place.
 E = Time spent auto-exploring this place.
 F = Levels seen in this place.
 G = Mean time per level.
                   A        B        C        D        E       F      G
               +--------+--------+--------+--------+--------+-----+--------+
         Total |   2165 |   2109 |     56 |      0 |   1864 |   3 |  721.7 |
       Dungeon |   2165 |   2109 |     56 |      0 |   1864 |   3 |  721.7 |
               +--------+--------+--------+--------+--------+-----+--------+

Top non-repeatable levels by time:
     D:1: 1270 daAuts
     D:2: 809 daAuts
     D:3: 85 daAuts
